 Dungeon Sprint DCSS version 0.29-a0-384-g6960b1960d (webtiles) character file.

Game seed: 18382389686213910406

231 mhtbhm the Basher (level 6, -2/45 HPs)
             Began as a Gargoyle Berserker on May 8, 2022.
             Was a Priest of Trog.
             Slain by an iguana (5 damage)
             ... in the Dungeon (Sprint IX: "|||||||||||||||||||||||||||||").
             The game lasted 00:00:11 (104 turns).

mhtbhm the Basher (Gargoyle Berserker)               Turns: 104, Time: 00:00:12

Health: -2/45      AC:  6    Str: 22    XL:     6   Next: 4%
Magic:  6/6        EV: 12    Int:  8    God:    Trog [***...]
Gold:   0          SH:  0    Dex:  9    Spells: 5/5 levels left

rFire   . . .      SeeInvis .   a - +0 mace
rCold   . . .      Faith    .   (no shield)
rNeg    + . .      Spirit   .   b - +0 animal skin
rPois   ∞          Reflect  .   (no helmet)
rElec   +          Harm     .   (no cloak)
rCorr   .          Rampage  .   (no gloves)
Will    .....      NoTele   +   (no boots)
Stlth   +.........              (no amulet)
HPRegen 0.15/turn               (no ring)
MPRegen 0.10/turn               (no ring)

@: on berserk cooldown, slowed, very slow
A: sickness immunity, AC +4, negative energy resistance 1, electricity
resistance, torment resistance 1, petrification resistance
a: Renounce Religion, Berserk, Trog's Hand


You were in the Dungeon.
You worshipped Trog.
Trog was most pleased with you.
You visited 1 branch

Inventory:

Hand Weapons
 a - a +0 mace (weapon)
Armour
 b - a +0 animal skin (worn)
Scrolls
 h - a scroll of blinking
Potions
 c - a potion of curing
 d - a potion of heal wounds
 e - a potion of haste
 f - 2 potions of magic
 g - a potion of berserk rage


   Skills:
 + Level 8.5 Fighting
 + Level 8.6 Maces & Flails
 + Level 3.9 Armour
 + Level 3.8 Dodging


You had 5 spell levels left.
You didn't know any spells.
Your spell library was empty.

Dungeon Overview and Level Annotations

Branches:
Dungeon (1/1)

Altars:


Innate Abilities, Weirdness & Mutations

You are immune to sickness and miasma.
Your stone body is resilient. (AC +4)
You are immune to poison.
You resist negative energy. (rN+)
You are resistant to electric shocks. (rElec)
You are resistant to unholy torment.
You are immune to petrification.


Message History

You have reached level 4!
You feel clever.
You have reached level 5!
You bludgeon the water moccasin!!
The water moccasin is severely wounded.
The water moccasin bites you.
Unknown command.
You hit the water moccasin.
The water moccasin is almost dead.
The water moccasin bites you but does no damage.
Unknown command.
You miss the water moccasin.
The water moccasin is almost dead.
The water moccasin closely misses you.
Unknown command.
You sock the water moccasin!
You kill the water moccasin!
Trog accepts your kill.
You are no longer berserk.
You are exhausted.
You feel yourself slow down.
Your Fighting skill increases to level 8!
Your Maces & Flails skill increases to level 8!
You have reached level 6!
You sock the iguana!
The iguana is heavily wounded.
The iguana bites you!
You closely miss the iguana.
The iguana is heavily wounded.
The iguana bites you!
* * * LOW HITPOINT WARNING * * *
The iguana closely misses you.
You closely miss the iguana.
The iguana is heavily wounded.
The iguana bites you!
* * * LOW HITPOINT WARNING * * *
You closely miss the iguana.
The iguana is heavily wounded.
The iguana closely misses you. The iguana bites you.
You die...

▓+▓
▓.▓
▓.▓
▓.▓
▓.▓
▓l▓
▓@▓
▓.▓
▓.▓
▓.▓
▓.▓
▓.▓
▓)▓
▓.▓
▓.▓


You could see an iguana.

Vanquished Creatures
  A water moccasin (D)
  A black bear (D)
  A hound (D)
  An orc (D)
  An endoplasm (D)
  A goblin (D)
  A hobgoblin (D)
  A quokka (D)
  A bat (D)
9 creatures vanquished.

Notes
Turn   | Place    | Note
-------+----------+-------------------------------------------
     0 | D        | mhtbhm the Gargoyle Berserker began the quest for the Orb.
     0 | D        | Reached XP level 1. HP: 14/14 MP: 1/1
    10 | D        | Reached ** piety under Trog
    85 | D        | Noticed an iguana
    85 | D        | Noticed a water moccasin
    85 | D        | Noticed a black bear
    85 | D        | Noticed a hound
    90 | D        | Killed a hound
    91 | D        | Reached skill level 5 in Fighting
    91 | D        | Reached skill level 5 in Maces & Flails
    91 | D        | Reached XP level 2. HP: 21/21 MP: 2/2
    91 | D        | Reached XP level 3. HP: 26/26 MP: 3/3
    91 | D        | Reached *** piety under Trog
    96 | D        | Killed a black bear
    97 | D        | Reached XP level 4. HP: 30/34 MP: 4/4
    97 | D        | Reached XP level 5. HP: 33/38 MP: 5/5
   100 | D        | Killed a water moccasin
   101 | D        | Reached XP level 6. HP: 26/45 MP: 6/6
   103 | D        | HP: 2/45 [iguana (9)]
   104 | D        | Slain by an iguana

Illustrated notes

Levels and vault maps discovered:
D:        linesprint [early_d, line_temple, items_1, d_10, items_2, lair_1,
          lair_end, items_3, orc_1, orc_end, items_4, d_15, swamp_1, shoals_1,
          snake_1, spider_1, d_20, vaults_1, items_5, swamp_end, shoals_end,
          snake_end, spider_end, vaults_end, d_27, items_6, zot_1, zot_end,
          crypt_end, forest_end, elf_end, slime_end, tomb_end, abyss_end,
          pan_hell_end]

Skill      XL: |  1  2  3  4  5 |
---------------+----------------+-----
Fighting       | 5 7 8 |  8.5
Maces & Flails | 5 7 8 |  8.6
Dodging        | 2 3 |  3.8
Armour         | 3 |  3.9

Action                   |  1- 3 |  4- 6 || total
-------------------------+-------+-------++-------
Melee: Mace              |    24 |     8 ||    32
Invok: Berserk           |     1 |       ||     1
Armor: Animal skin       |     9 |     1 ||    10
Dodge: Dodged            |    14 |     3 ||    17

Table legend: (Time is in decaauts)
 A = Elapsed time spent in this place.
 B = Non-inter-level travel time spent in this place.
 C = Inter-level travel time spent in this place.
 D = Time resting spent in this place.
 E = Time spent auto-exploring this place.
 F = Levels seen in this place.
 G = Mean time per level.
                   A        B        C        D        E       F      G
               +--------+--------+--------+--------+--------+-----+--------+
         Total |    105 |    105 |      0 |     60 |      0 |   1 |  105.0 |
       Dungeon |    105 |    105 |      0 |     60 |      0 |   1 |  105.0 |
               +--------+--------+--------+--------+--------+-----+--------+

Top non-repeatable levels by time:
       D: 105 daAuts
